 Dungeon Crawl Stone Soup version 0.27-a0-1232-gc6a4cbde82 (webtiles) character file.

Game seed: 12252341938700921481

532 mordus the Cudgeller (level 7, -2/66 HPs)
             Began as a Troll Monk on June 8, 2021.
             Slain by Grinder (7 damage)
             ... on level 5 of the Dungeon.
             The game lasted 00:03:48 (3516 turns).

mordus the Cudgeller (Troll Monk)                   Turns: 3516, Time: 00:03:49

Health: -2/66      AC:  4    Str: 20    XL:     7   Next: 4%
Magic:  6/6        EV: 11    Int:  6    God:
Gold:   279        SH:  0    Dex: 14    Spells: 6/6 levels left

rFire    . . .     SeeInvis .   u - +0 flail
rCold    + . .     Faith    .   (no shield)
rNeg     . . .     Spirit   .   b - +0 robe
rPois    .         Reflect  .   (helmet restricted)
rElec    .         Harm     .   (no cloak)
rCorr    .         Rampage  .   (gloves unavailable)
Will     .....                  (boots unavailable)
Stlth    ++........             (no amulet)
HPRegen  1.21/turn              c - ring of protection from cold
MPRegen  0.10/turn              g - ring of flight

@: flying
A: large, unfitting armour, claws 3, regeneration 1, shaggy fur 1, tough skin 1
a: no special abilities


You were on level 5 of the Dungeon.
You visited 1 branch of the dungeon, and saw 5 of its levels.

You collected 279 gold pieces.

Inventory:

Hand Weapons
 a - a +0 mace
 u - a +0 flail (weapon)
Armour
 b - a +0 robe (worn)
Jewellery
 c - a ring of protection from cold (left claw)
 g - a ring of flight (right claw)
 n - a ring of willpower
Scrolls
 e - 3 scrolls of magic mapping {unknown}
 i - 2 scrolls of teleportation {unknown}
 j - a scroll of enchant weapon {unknown}
 l - 3 scrolls of fog {unknown}
 q - 6 scrolls of identify {unknown}
 r - 3 scrolls of torment {unknown}
 s - 2 scrolls of noise {unknown}
 t - a scroll of immolation {unknown}
Potions
 d - 2 potions of magic {unknown}
 f - 4 potions of haste {unknown}
 h - 2 potions of degeneration {unknown}
 k - 2 potions of brilliance {unknown}
 m - a potion of attraction {unknown}
 o - a potion of curing {unknown}
 p - a potion of heal wounds {unknown}


   Skills:
 - Level 2.4 Fighting
 * Level 5.5 Maces & Flails
 + Level 2.8 Armour
 + Level 3.9 Dodging
 - Level 1.0 Stealth


You had 6 spell levels left.
You didn't know any spells.
Your spell library was empty.

Dungeon Overview and Level Annotations

Branches:
Dungeon (5/15)
 Temple: D:4-7

Altars:
Uskayaw
Yredelemnul
Zin

Shops:
D:2 [

Annotations:
D:5 Grinder


Innate Abilities, Weirdness & Mutations

You are too large for most types of armour.
You have claws for hands.
Your natural rate of healing is unusually fast.
You are covered in fur. (AC +1)
You have tough skin. (AC +1)


Message History

There are monsters nearby!
The ogre barely misses you.
There are monsters nearby!
There are monsters nearby!
You hit the ogre.
The ogre is moderately wounded.
The ogre hits you with a +0 giant club!
There are monsters nearby!
You sock the ogre!
The ogre is heavily wounded.
Grinder shouts!
The ogre misses you.
There are monsters nearby!
You hit the ogre but do no damage.
The ogre is heavily wounded.
Grinder gestures at you.
You struggle to resist.
The ogre hits you with a +0 giant club!
You barely miss the ogre.
The ogre is heavily wounded.
The ogre closely misses you.
You sock the ogre!
The ogre is almost dead.
Grinder gestures at you. You resist with significant effort.
You barely miss the ogre.
The ogre is almost dead.
The ogre barely misses you. Grinder gestures at you.
You suddenly lose the ability to move!
The ogre hits you with a +0 giant club!!
Grinder gestures at you. You resist with significant effort.
The ogre hits you with a +0 giant club!
* * * LOW HITPOINT WARNING * * *
Grinder gestures at you.
You shrug off the repeated paralysis!
The ogre hits you with a +0 giant club!
* * * LOW HITPOINT WARNING * * *
You can move again.
Grinder hits you!
You die...

#...# ####.#### #...#
#.. ....#
###...######.##..# # $
..........##.#...# .#..
>..............#####...
..).†.....##.#...#...
###...######.##..#.#
###...# #....<5.#.#
......# ####.@....#
##....# ##.#####
##....## #O# .......#
#.# .......####### #.#
...#.#.....[.# #.#
...###>.###..# #..
........# # ###
........###...


You could see Grinder and an ogre.

Vanquished Creatures
  Sigmund (D:3)
  A necrophage (D:4)
  A bullfrog (D:3)
  An iguana (D:4)
  Terence (D:2)
  A hound skeleton (D:5)
  3 gnolls (D:4)
  8 adders
  An adder skeleton (D:4)
  A worm (D:4)
  2 dart slugs
  2 orcs
  9 endoplasms
  4 giant cockroaches
  9 goblins
  7 hobgoblins
  2 jackals (D:3)
  A quokka (D:3)
  2 ball pythons (D:1)
  3 bats
  4 frilled lizards
  A jackal skeleton (D:4)
  5 kobolds
  4 rats
74 creatures vanquished.

Vanquished Creatures (others)
  20 plants (D:3)
20 creatures vanquished.

Grand Total: 94 creatures vanquished

Notes
Turn   | Place    | Note
-------+----------+-------------------------------------------
     0 | D:1      | mordus the Troll Monk began the quest for the Orb.
     0 | D:1      | Reached XP level 1. HP: 22/22 MP: 0/0
    99 | D:1      | Reached skill level 3 in Maces & Flails
   100 | D:1      | Reached XP level 2. HP: 29/29 MP: 1/1
   205 | D:1      | Found a faded altar of an unknown god.
   539 | D:2      | Reached XP level 3. HP: 36/36 MP: 2/2
   639 | D:2      | Reached skill level 1 in Armour
   662 | D:2      | Noticed Terence
   676 | D:2      | Killed Terence
   768 | D:2      | Found Vaimirph's Armour Boutique.
   772 | D:2      | Reached XP level 4. HP: 44/44 MP: 3/3
   817 | D:2      | You are sucked into a shaft and drop 1 floor!
   821 | D:3      | Noticed Sigmund
   833 | D:3      | Killed Sigmund
   834 | D:3      | Reached skill level 4 in Maces & Flails
   834 | D:3      | Reached XP level 5. HP: 36/50 MP: 4/4
   961 | D:3      | Reached XP level 6. HP: 37/59 MP: 5/5
  1233 | D:3      | Found a hide-covered altar of Uskayaw.
  2296 | D:4      | Reached skill level 5 in Maces & Flails
  3004 | D:4      | Found a basalt altar of Yredelemnul.
  3004 | D:4      | Found a glowing silver altar of Zin.
  3397 | D:5      | Entered Level 5 of the Dungeon
  3485 | D:5      | Reached XP level 7. HP: 63/66 MP: 6/6
  3505 | D:5      | Noticed Grinder
  3512 | D:5      | Paralysed by Grinder for 4 turns
  3516 | D:5      | Slain by Grinder

Illustrated notes

Levels and vault maps discovered:
D:1:      scummos_arrival_gate, layout_rooms,
          chequers_ecumenical_altar_simple_redux
D:2:      layout_loops_ring, serial_shops, shop_fountains, uniq_terence
D:3:      minmay_inner_zag, layout_loops_corners,
          nicolae_overflow_hidden_temple, serial_bayou_lake_a, uniq_sigmund
D:4:      layout_loops_corners, amethyst_overflow_temple_binary,
          eino_small_chamber_without_monster
D:5:      layout_loops_cross, minmay_misc_feat_tower, uniq_crazy_yiuf_cottage,
          uniq_grinder, uniq_edmund

Skill      XL: |  1  2  3  4  5  6 |
---------------+-------------------+-----
Maces & Flails | 3 4 5 |  5.5
Armour         | 1 2 |  2.8
Dodging        | 3 |  3.9
Fighting       | |  2.4
Stealth        | |  1.0

Action                   |  1- 3 |  4- 6 |  7- 9 || total
-------------------------+-------+-------+-------++-------
Melee: Mace              |    85 |   173 |       ||   258
       Flail             |       |    23 |    11 ||    34
 Stab: Sleeping          |     3 |     6 |       ||     9
       Distracted        |       |     1 |       ||     1
Armor: Robe              |    18 |    40 |       ||    58
Dodge: Dodged            |    46 |   130 |     8 ||   184

Table legend: (Time is in decaauts)
 A = Elapsed time spent in this place.
 B = Non-inter-level travel time spent in this place.
 C = Inter-level travel time spent in this place.
 D = Time resting spent in this place.
 E = Time spent auto-exploring this place.
 F = Levels seen in this place.
 G = Mean time per level.
                   A        B        C        D        E       F      G
               +--------+--------+--------+--------+--------+-----+--------+
         Total |   3568 |   3360 |    208 |     21 |   2699 |   5 |  713.6 |
       Dungeon |   3568 |   3360 |    208 |     21 |   2699 |   5 |  713.6 |
               +--------+--------+--------+--------+--------+-----+--------+

Top non-repeatable levels by time:
     D:4: 1123 daAuts
     D:3: 1109 daAuts
     D:2: 713 daAuts
     D:1: 498 daAuts
     D:5: 123 daAuts
